Map: Aura da Morte LE

Players

YodaEater - Winner!

  • Race: Zerg Zerg
  • League: Diamond
  • Spawn Location: 5:00

Exterminator

  • Race: Protoss Protoss
  • League: Diamond
  • Spawn Location: 11:00

VOD

Have the link to the VOD?

Description

Time

  • Played on: Aug. 24, 2020, 11:45 p.m.
  • Length: 16:52
Show
View Real Time Build Order
Export as new Build Order

YodaEater Zerg - Winner!

Build Orders: Hatch First, Lurkers, Roach Hydra 

Get SALT Encoding   

  12  0:01  Drone  
  13  0:12  Overlord  
  13  0:16  Drone  
  14  0:31  Drone x2  
  16  0:49  Hatchery  
  15  0:53  Drone  
  15  0:56  Drone  
  17  1:00  Drone  
  18  1:05  Extractor  
  17  1:18  Spawning Pool  
  16  1:19  Drone  
  16  1:23  Drone  
  18  1:30  Drone  
  19  1:41  Overlord  
  19  1:50  Drone  
  20  2:01  Overlord  
  20  2:06  Zergling x2, Queen  
  23  2:09  Queen  
  23  2:13  Zergling x2  
  26  2:15  Zergling x2  
  27  2:24  Drone  
  27  2:25  Drone  
  29  2:41  Drone, Overlord  
  30  2:48  Hatchery  
  29  2:56  Metabolic Boost  
  29  3:04  Drone x4  
  33  3:08  Drone x2  
  35  3:16  Drone x2  
  37  3:25  Drone x3  
  39  3:28  Drone x2  
  39  3:33  Extractor, Queen  
  42  3:36  Drone x2  
  42  3:38  Extractor  
  42  3:39  Overlord  
  43  3:43  Overlord  
  43  4:03  Lair  
  43  4:05  Drone x9  
  52  4:16  Evolution Chamber  
  51  4:19  Roach Warren  
  50  4:25  Zergling x12  
  56  4:38  Zergling x6  
  56  4:39  Zergling x6  
  56  4:43  Zerg Missile Weapons Level 1  
  62  4:52  Zergling x2  
  62  4:53  Zergling x6  
  62  4:55  Drone x2  
  64  5:05  Spore Crawler  
  61  5:07  Spore Crawler  
  61  5:09  Drone x5  
  65  5:19  Overlord x2  
  65  5:23  Spore Crawler  
  64  5:28  Glial Reconstitution  
  64  5:37  Queen  
  64  5:40  Drone x4  
  64  5:41  Drone x4  
  74  5:46  Drone  
  74  5:51  Drone x4  
  74  5:55  Baneling Nest  
  75  6:01  Drone x3  
  78  6:08  Extractor, Hydralisk Den  
  78  6:10  Extractor  
  75  6:31  Roach  
  75  6:32  Roach x2  
  81  6:33  Overlord x6  
  81  6:34  Overlord  
  81  6:39  Muscular Augments  
  81  6:49  Zerg Melee Weapons Level 1  
  81  6:51  Roach  
  81  6:52  Roach  
  81  6:53  Roach x8  
  101  6:59  Roach x4  
  109  7:16  Lurker Den  
  109  7:20  Hydralisk x7  
  109  7:21  Hydralisk  
  124  7:24  Spore Crawler  
  124  7:26  Spore Crawler  
  124  7:27  Spore Crawler  
  120  7:35  Hydralisk x3  
  126  7:40  Overlord x3  
  126  7:41  Zergling x6  
  126  7:42  Zergling x4  
  130  7:47  Hydralisk x2  
  130  7:51  Grooved Spines  
  132  7:59  Roach x5  
  132  8:04  Roach  
  132  8:05  Roach  
  140  8:10  Baneling  
  140  8:12  Baneling x4  
  138  8:13  Baneling x4  
  138  8:17  Drone x3  
  141  8:27  Queen  
  143  8:35  Hydralisk x3  
  143  8:36  Hatchery  
  148  8:43  Lurker x3  
  148  8:44  Lurker x2  
  153  8:51  Drone x5  
  153  8:52  Drone x2  
  160  8:55  Drone  
  160  9:00  Overseer  
  161  9:09  Overlord x3  
  161  9:10  Overlord x2  
  161  9:19  Zerg Melee Weapons Level 2  
  161  9:33  Extractor  
  161  9:36  Infestation Pit  
  159  9:44  Hydralisk  
  159  9:45  Hydralisk x11  
  158  9:51  Roach x3  
  180  9:53  Overlord  
  161  10:02  Hydralisk  
  161  10:03  Hydralisk x2  
  161  10:04  Zergling x4  
  143  10:08  Zergling x4  
  143  10:09  Zergling x6  
  143  10:11  Zergling x2  
  132  10:14  Zergling x6  
  132  10:16  Zergling x2  
  132  10:17  Zergling x2  
  132  10:18  Zergling x2  
  132  10:20  Zergling x2  
  125  10:25  Hydralisk x2  
  123  10:31  Zergling x2  
  123  10:32  Zergling x10  
  129  10:38  Baneling  
  129  10:39  Baneling x12  
  129  10:52  Hive, Extractor  
  129  10:55  Overseer  
  128  11:00  Roach x5  
  128  11:01  Roach x2  
  142  11:09  Drone x2  
  142  11:10  Drone x4  
  142  11:11  Drone  
  149  11:13  Drone x2  
  149  11:15  Drone  
  152  11:30  Centrifical Hooks  
  152  11:36  Spire  
  151  11:43  Hydralisk x6  
  151  11:44  Hydralisk  
  165  11:52  Drone x5  
  165  11:53  Drone x3  
  173  11:55  Extractor  
  172  12:27  Adaptive Talons  
  172  12:29  Overlord  
  172  12:30  Overlord  
  166  12:51  Roach  
  166  12:52  Roach x18  
  171  13:07  Corruptor x3  
  171  13:08  Corruptor x5  
  171  13:11  Greater Spire  
  183  13:15  Zergling x2  
  183  13:16  Zergling x8  
  183  13:19  Zergling x4  
  178  13:24  Zergling x2, Seismic Spines  
  171  13:27  Zergling x2  
  171  13:33  Zergling x4  
  174  13:37  Ravager x3  
  174  13:38  Ravager x4  
  181  13:44  Zergling x8  
  185  13:48  Corruptor  
  185  13:49  Corruptor  
  185  13:54  Hatchery  
  188  13:57  Zergling x8  
  185  14:03  Baneling  
  156  14:12  Hydralisk  
  156  14:13  Hydralisk x8  
  156  14:15  Zergling x4  
  150  14:21  Zergling x2  
  145  14:27  Brood Lord  
  145  14:30  Zergling x4  
  145  14:31  Zergling x6  
  152  14:47  Brood Lord  
  152  14:48  Brood Lord  
  152  14:49  Brood Lord  
  152  14:52  Zergling x8  
  162  14:53  Zergling x20  
  172  15:06  Brood Lord x3  
  178  15:08  Zergling x12  
  178  15:13  Baneling  
  184  15:14  Baneling x6  
  184  15:31  Zergling x20  
  184  15:32  Zergling x6  
  197  15:37  Zergling x2  
  197  15:38  Zergling x4  
  197  15:42  Zergling x4  
  195  15:43  Zergling x2  
  195  15:44  Zergling x2  
  195  15:45  Zergling x4  
  170  15:51  Hydralisk  
  170  15:52  Hydralisk x5  
  170  15:53  Pneumatized Carapace  
  172  15:59  Overlord  
  172  16:00  Hydralisk x2  
  168  16:04  Hydralisk  
  168  16:08  Lurker  
  168  16:09  Hydralisk  
  160  16:12  Hydralisk x3  
  155  16:20  Hydralisk x4  
  155  16:21  Extractor  
  155  16:22  Hydralisk x2  
  162  16:28  Zergling x2  
Show
View Real Time Build Order
Export as new Build Order

Exterminator Protoss 

Build Orders: 1 Gate Expand, Chargelot Immortal 

Get SALT Encoding   

  12  0:01  Probe  
  13  0:13  Probe  
  14  0:18  Pylon  
  14  0:26  Probe  
  15  0:38  Probe (Chrono Boost)  
  16  0:44  Gateway  
  17  0:50  Probe (Chrono Boost)  
  17  0:58  Probe (Chrono Boost)  
  17  1:02  Assimilator  
  18  1:20  Nexus  
  18  1:24  Probe (Chrono Boost)  
  19  1:35  Probe (Chrono Boost)  
  19  1:39  Pylon  
  20  1:40  Probe (Chrono Boost)  
  21  1:54  Cybernetics Core  
  21  1:59  Probe  
  22  2:06  Gateway  
  22  2:12  Probe (Chrono Boost)  
  22  2:13  Assimilator  
  23  2:24  Probe (Chrono Boost)  
  24  2:32  Probe (Chrono Boost)  
  24  2:33  Adept  
  24  2:34  Warp Gate  
  24  2:35  Probe (Chrono Boost)  
  29  2:44  Probe (Chrono Boost)  
  29  2:45  Probe (Chrono Boost)  
  29  2:53  Stalker (Chrono Boost)  
  29  2:54  Probe  
  29  2:55  Shield Battery  
  29  2:56  Probe  
  35  3:06  Probe  
  35  3:08  Probe  
  35  3:12  Adept (Chrono Boost)  
  37  3:15  Stargate  
  37  3:20  Adept (Chrono Boost)  
  37  3:25  Probe  
  37  3:26  Probe  
  41  3:37  Probe  
  41  3:38  Adept, Probe  
  45  3:48  Pylon  
  45  3:49  Probe  
  45  3:51  Assimilator  
  46  3:57  Pylon  
  46  4:03  Oracle (Chrono Boost)  
  46  4:06  Probe x2  
  51  4:18  Probe x2  
  53  4:28  Assimilator  
  53  4:30  Oracle (Chrono Boost), Probe  
  54  4:31  Gateway  
  54  4:34  Robotics Facility  
  54  4:35  Gateway  
  54  4:37  Gateway, Pylon  
  57  4:39  Probe  
  57  4:42  Probe  
  59  4:51  Probe  
  52  5:07  Phoenix  
  52  5:08  Zealot x2  
  52  5:09  Probe  
  59  5:14  Gateway  
  59  5:19  Immortal (Chrono Boost)  
  59  5:21  Probe  
  61  5:29  Zealot x2  
  61  5:32  Phoenix  
  67  5:36  Twilight Council  
  67  5:45  Stalker  
  69  5:50  Pylon  
  69  6:05  Pylon  
  69  6:07  Immortal  
  69  6:08  Phoenix  
  69  6:09  Zealot  
  69  6:10  Charge (Chrono Boost)  
  77  6:21  Pylon  
  77  6:24  Forge  
  77  6:27  Pylon  
  77  6:33  Phoenix  
  77  6:37  Immortal  
  79  6:42  Probe  
  84  6:51  Robotics Bay  
  84  6:58  Protoss Ground Weapons Level 1 (Chrono Boost)  
  84  7:00  Nexus  
  84  7:03  Pylon  
  84  7:08  Stalker x2  
  84  7:10  Sentry  
  90  7:16  Immortal  
  90  7:38  Zealot x4  
  90  7:39  Zealot x2  
  102  7:56  Observer  
  99  8:06  Stalker x5  
  107  8:17  Observer  
  107  8:18  Probe (Chrono Boost)  
  109  8:20  Nexus, Extended Thermal Lance  
  109  8:21  Pylon  
  110  8:27  Probe (Chrono Boost)  
  110  8:29  Disruptor  
  110  8:32  Gateway, Probe (Chrono Boost)  
  110  8:39  Zealot x3  
  120  8:44  Probe (Chrono Boost)  
  120  8:45  Probe (Chrono Boost)  
  122  8:49  Blink  
  122  8:54  Probe (Chrono Boost)  
  123  8:59  Zealot x4, Probe (Chrono Boost)  
  132  9:09  Pylon  
  132  9:10  Protoss Ground Armor Level 1 (Chrono Boost)  
  132  9:11  Probe  
  132  9:12  Pylon  
  132  9:15  Forge  
  133  9:26  Disruptor (Chrono Boost)  
  133  9:29  Probe (Chrono Boost)  
  133  9:30  Gateway  
  137  9:33  Photon Cannon  
  137  9:34  Probe (Chrono Boost)  
  114  9:52  Stalker  
  114  9:53  Stalker  
  114  9:55  Stalker x4  
  114  9:57  Disruptor  
  87  10:18  Stalker x5  
  87  10:19  Stalker x2  
  97  10:22  Probe (Chrono Boost)  
  96  10:32  Probe (Chrono Boost)  
  96  10:34  Probe (Chrono Boost)  
  98  10:41  Probe (Chrono Boost)  
  98  10:42  Probe (Chrono Boost), Protoss Ground Weapons Level 2 (Chrono Boost)  
  100  10:49  Probe (Chrono Boost)  
  102  10:50  Probe (Chrono Boost)  
  102  10:56  Probe (Chrono Boost)  
  102  10:57  Pylon, Probe (Chrono Boost)  
  104  11:03  Probe, Colossus  
  104  11:04  Templar Archives, Probe  
  112  11:11  Photon Cannon  
  112  11:15  Probe  
  112  11:16  Probe  
  114  11:21  Shield Battery  
  114  11:22  Shield Battery  
  114  11:23  Assimilator  
  114  11:27  Probe  
  114  11:28  Probe (Chrono Boost)  
  114  11:31  Protoss Ground Armor Level 2 (Chrono Boost)  
  116  11:33  Psionic Storm  
  116  11:34  Photon Cannon  
  116  11:35  Assimilator  
  116  11:40  Photon Cannon  
  116  11:42  Probe (Chrono Boost)  
  116  11:46  Probe (Chrono Boost)  
  118  11:51  Probe (Chrono Boost)  
  119  11:56  Probe (Chrono Boost)  
  119  11:57  High Templar x2  
  119  11:58  Zealot  
  119  11:59  Zealot x4  
  131  12:01  Probe  
  131  12:03  Probe  
  131  12:07  Assimilator  
  133  12:11  Colossus  
  133  12:13  Probe  
  140  12:21  Probe  
  141  12:25  Stalker x4, Probe  
  150  12:39  Robotics Facility  
  150  12:41  Pylon  
  150  12:44  Gateway  
  128  13:06  Observer  
  119  13:24  Zealot x4  
  119  13:25  Zealot x3  
  133  13:28  Observer (Chrono Boost)  
  133  13:30  Observer (Chrono Boost)  
  133  13:33  Probe  
  136  13:37  Pylon  
  136  13:38  Protoss Ground Weapons Level 3 (Chrono Boost), Pylon  
  136  13:42  Observer (Chrono Boost)  
  136  13:43  Photon Cannon, Colossus (Chrono Boost)  
  136  13:44  Photon Cannon  
  136  13:45  Probe  
  136  13:46  Gateway  
  144  13:51  Pylon  
  144  13:57  Probe  
  144  13:59  Colossus (Chrono Boost)  
  119  14:14  Zealot  
  119  14:15  Zealot x7  
  104  14:31  Immortal (Chrono Boost)  
  104  14:32  Probe (Chrono Boost)  
  104  14:37  High Templar x4  
  104  14:38  High Templar x2  
  121  14:41  Probe (Chrono Boost)  
  121  14:42  Archon x2  
  121  14:43  Archon  
  121  14:44  Immortal  
  122  14:47  Protoss Shields Level 1 (Chrono Boost), Probe (Chrono Boost)  
  122  14:51  Probe (Chrono Boost)  
  128  15:06  Disruptor  
  131  15:20  Nexus  
  131  15:21  Pylon  
  131  15:23  Disruptor  
  134  15:32  Phoenix (Chrono Boost)  
  136  15:42  Disruptor  
  129  15:48  Phoenix (Chrono Boost)  
  99  15:58  Disruptor  
  99  16:00  Stalker x2  
  99  16:01  Stalker x5  
  99  16:02  Stalker  
  101  16:12  Phoenix  
  59  16:33  Stalker x2  
  59  16:34  Stalker x4  
Tags
 
Add a new tag
Caveats
  • Supply blocks, unpowered buildings, or Contaminate may cause inaccurate times.
  • Supply counts are checked every 10 seconds.